 Dungeon Crawl Stone Soup version 0.28-a0-556-gab23d0e057 (webtiles) character file.

Game seed: 2220060377336880400

91771 jt the Severer (level 15, -18/126 HPs)
             Began as a Black Draconian Cinder Acolyte on Sept 28, 2021.
             Was an Elder of Ignis.
             Demolished by a catoblepas (29 damage)
             ... on level 13 of the Dungeon.
             The game lasted 01:30:37 (36007 turns).

jt the Severer (Black Draconian Cinder Acolyte)    Turns: 36007, Time: 01:30:38

Health: -18/126    AC: 13    Str: 19    XL:     15   Next: 56%
Magic:  26/26      EV: 17    Int: 20    God:    Ignis [****..]
Gold:   1239       SH: 10    Dex: 14    Spells: 17/29 levels left

rFire   + . .      SeeInvis +   a - +5 broad axe (freeze)
rCold   + . .      Faith    .   F - +0 buckler
rNeg    . . .      Spirit   .   (armour unavailable)
rPois   .          Reflect  +   Z - +2 hat
rElec   +          Harm     .   r - +0 cloak "Ohihexed" {rC+ Dex+3}
rCorr   .          Rampage  .   t - +0 pair of gloves
Will    +....      Rnd*Tele +   (no boots)
Stlth   +.........              p - amulet of Hucavaan {Reflect rF- Regen+ Int+4 SH+5}
HPRegen 1.31/turn               D - ring of see invisible
MPRegen 0.20/turn               I - ring of protection from fire

@: flying
A: breathe lightning, AC +9, unfitting armour, big wings, electricity
resistance, cold-blooded, agile 1, teleportitis 1
a: Breathe Lightning, Renounce Religion, Sea of Fire, Foxfire Swarm, Rising
Flame


You were on level 13 of the Dungeon.
You worshipped Ignis.
Ignis was greatly pleased with you.
You visited 4 branches of the dungeon, and saw 22 of its levels.
You also visited: Gauntlet.

You collected 3005 gold pieces.
You spent 1766 gold pieces at shops.

Inventory:

Hand Weapons
 a - a +5 broad axe of freezing (weapon)
 b - the +7 spear "Vommer Moce" {pain, Will++}
   (You bought it in a shop on level 2 of the Orcish Mines)

   In the hands of one skilled in necromantic magic, it inflicts extra damage on
   living creatures.
   Will:      It greatly increases your willpower.
 g - a +0 war axe of venom
 k - a +0 hunting sling
 u - a -1 hand axe of flaming
Missiles
 e - 437 stones
 i - 6 silver javelins
 s - 11 javelins
 z - 53 poisoned darts
 L - 96 sling bullets
Armour
 r - the +0 cloak "Ohihexed" (worn) {rC+ Dex+3}
   (You found it on level 10 of the Dungeon)

   Dex:       It affects your dexterity (+3).
   rC:        It protects you from cold.
 t - a +0 pair of gloves (worn)
 F - a +0 buckler (worn)
 Z - a +2 hat (worn)
Magical Staves
 x - a staff of air
 T - a staff of fire
 V - a staff of death
Jewellery
 o - an amulet of regeneration
 p - the amulet of Hucavaan (around neck) {Reflect rF- Regen+ Int+4 SH+5}
   (You bought it in a shop on level 2 of the Orcish Mines)

   [amulet of reflection]

   It reflects blocked missile attacks.
   Int:       It affects your intelligence (+4).
   rF:        It makes you vulnerable to fire.
   Regen:     It increases your rate of health regeneration.
   SH:        It affects your SH (+5).
 q - a ring of protection from cold
 D - a ring of see invisible (left hand)
 G - a ring of wizardry
 I - a ring of protection from fire (right hand)
 K - the ring "Sacrolip" {Fire Drain rN+ Will++ Str+2}
   (You found it on level 3 of the Lair of Beasts)

   [ring of fire]

   It enhances your fire magic.
   Str:       It affects your strength (+2).
   rF:        It protects you from fire.
   rC:        It makes you vulnerable to cold.
   rN:        It protects you from negative energy.
   Drain:     It drains your maximum health when unequipped.
   Will:      It greatly increases your willpower.
 P - the ring "Atacet" {Drain rF+++ Int-5 Dex+6 Stlth+}
   (You found it on level 2 of the Lair of Beasts)

   [ring of dexterity]

   Int:       It affects your intelligence (-5).
   Dex:       It affects your dexterity (+6).
   rF:        It renders you almost immune to fire.
   Drain:     It drains your maximum health when unequipped.
   Stlth:     It makes you more stealthy.
 Q - a ring of resist corrosion
 S - a +6 ring of intelligence
Wands
 h - a wand of acid (12)
 E - a wand of polymorph (15)
 N - a wand of flame (18)
Scrolls
 c - 8 scrolls of fear
 d - 3 scrolls of vulnerability
 j - 4 scrolls of identify
 l - 3 scrolls of fog
 m - 6 scrolls of teleportation
 y - a scroll of enchant armour
 A - a scroll of silence
 W - a scroll of summoning
 Y - 2 scrolls of holy word
Potions
 f - 7 potions of haste
 n - 5 potions of curing
 w - 3 potions of might
 B - a potion of brilliance
 C - 2 potions of cancellation
 H - 2 potions of magic
 J - 7 potions of ambrosia
 M - a potion of resistance
Miscellaneous
 O - a box of beasts
 X - a condenser vane


   Skills:
 - Level 10.0 Fighting
 - Level 18.0 Axes
 - Level 10.2 Dodging
 - Level 5.7 Shields
 - Level 7.8 Spellcasting
 - Level 6.2 Conjurations
 - Level 7.0 Fire Magic
 - Level 5.0 Air Magic
 - Level 2.0 Poison Magic
 + Level 9.9 Evocations


You had 17 spell levels left.
You knew the following spells:

 Your Spells              Type           Power      Damage    Failure   Level
a - Scorch                Fire           72%        2d8       1%          2
b - Poisonous Vapours     Pois/Air       42%        N/A       3%          2
c - Foxfire               Conj/Fire      100%       2x1d9     1%          1
d - Mephitic Cloud        Conj/Pois/Air  25%        N/A       4%          3
e - Sticky Flame          Conj/Fire      34%        2d5       5%          4

Your spell library contained the following spells:

 Spells                   Type           Power      Damage    Failure   Level
 Magic Dart               Conj           100%       1d8       1%          1
 Searing Ray              Conj           64%        2d6       1%          2
 Static Discharge         Conj/Air       30%        N/A       1%          2
 Conjure Flame            Conj/Fire      34%        6-21      1%          3
 Corpse Rot               Necr/Air       N/A        N/A       4%          2
 Flame Wave               Conj/Fire      34%        3d7       5%          4
 Inner Flame              Hex/Fire       21%        N/A       6%          3
 Ignite Poison            Fire/Tmut/Pois 19%        N/A       8%          3
 Summon Small Mammal      Summ           28%        N/A       9%          1
 Call Imp                 Summ           7%         N/A       13%         2
 Ensorcelled Hibernation  Hex/Ice        14%        N/A       13%         2
 Slow                     Hex            7%         N/A       13%         2
 Fireball                 Conj/Fire      17%        3d9       16%         5
 Spider Form              Tmut/Pois      5%         N/A       17%         3
 Iskenderun's Battlesphe  Conj           32%        2d8       19%         5
 Fulminant Prism          Conj/Hex       10%        3d9       24%         4
 Call Canine Familiar     Summ           7%         N/A       26%         3
 Confusing Touch          Hex            7%         N/A       26%         3
 Summon Guardian Golem    Hex/Summ       7%         N/A       26%         3
 Vampiric Draining        Necr           3%         2d6       26%         3
 Irradiate                Conj/Tmut      10%        3d17      56%         5
 Animate Dead             Necr           3%         N/A       65%         4
 Dispel Undead            Necr           7%         3d8       65%         4
 Petrify                  Tmut/Erth      7%         N/A       65%         4
 Conjure Ball Lightning   Conj/Air       15%        3x3d6     80%         6
 Blade Hands              Tmut           3%         N/A       94%         5
 Borgnjor's Vile Clutch   Necr/Erth      3%         N/A       94%         5
 Iron Shot                Conj/Erth      10%        9d3       98%         6
 Orb of Destruction       Conj           16%        9d7       99%         7
 Death Channel            Necr           3%         N/A       100%        6
 Dragon Form              Tmut           3%         N/A       100%        7


Dungeon Overview and Level Annotations

Branches:
Dungeon (13/15)            Temple (1/1) D:6            Lair (6/6) D:8
 Shoals (0/4) Lair:4       Spider (0/4) Lair:3        Slime (0/5) Lair:5
    Orc (2/2) D:12            Elf (0/3) Orc:2       Gauntlet (visited)
 Vaults: D:13-14

Altars:
Ashenzari
Cheibriados
Dithmenos
Elyvilon
Fedhas
Gozag
Hepliaklqana
Kikubaaqudgha
Makhleb
Nemelex Xobeh
Okawaru
Qazlal
Ru
Sif Muna
Trog
Uskayaw
Vehumet
Wu Jian
Xom
Yredelemnul
Zin
The Shining One
Jiyva

Shops:
D:10 =   Orc:2 *=[?(*


Innate Abilities, Weirdness & Mutations

You can breathe wild blasts of lightning.
Your glossy black scales are hard. (AC +9)
You cannot fit into any form of body armour.
Your large and strong wings let you fly.
You are resistant to electric shocks. (rElec)
You are cold-blooded and may be slowed by cold attacks.
You are agile. (Dex +2)
You are occasionally teleported next to monsters.


Message History

The catoblepas gores you!!
* * * LOW HITPOINT WARNING * * *
You turn to flesh and can move again.
Okay, then.
Press: ? - help, v - describe, . - travel The floor, spattered with blood.
Okay, then.
Okay, then.
You feel yourself slow down.
The centaur warrior unwields a +0 shortbow.
The centaur warrior hits you.
* * * LOW HITPOINT WARNING * * *
The centaur warrior misses you. You block the catoblepas's attack.
The howler monkey hoots and howls with incredible vigour!
You hit the centaur warrior. You freeze the centaur warrior.
The centaur warrior is lightly wounded.
You hit the howler monkey. You freeze the howler monkey.
You kill the howler monkey!
You hit the catoblepas. You freeze the catoblepas.
The centaur warrior hits you!
* * * LOW HITPOINT WARNING * * *
The centaur warrior kicks you but does no damage.
The catoblepas breathes a plume of calcifying dust at you.
The blast of calcifying dust hits you but does no damage.
The blast of calcifying dust hits the centaur warrior.
The two-headed ogre shouts in stereo!
The centaur warrior is engulfed in calcifying dust.
The centaur warrior is moving more slowly.
You block the centaur warrior's attack. The centaur warrior barely misses you.
The two-headed ogre is engulfed in calcifying dust.
The two-headed ogre is moving more slowly.
The centaur warrior is engulfed in calcifying dust.
The centaur warrior stops moving altogether!
The catoblepas breathes a plume of calcifying dust at you.
The blast of calcifying dust hits you but does no damage.
The centaur warrior is engulfed in calcifying dust.
There is a stone staircase leading up here.
The centaur warrior is engulfed in calcifying dust. x2
The catoblepas gores you!!
You die...

,,,******,,,,,,,,,,,*******,,,,+.
##********,,,8,8,8,,,,,,,,*,,,,#.
.#*,,,,,,,,,,,,,,,,*,****,+,,,,#.
.#*,,,,,,,,,,,,,,,,*,* *,*,,,,#.
.#*,,,,,,,,,,,,,,,,*,* *,*,,,,#.
.#*,,,,,,,,,,,,,,,,*,####,*,,,,#.
.#*,,,,,,,,,,,,,,,,*.....,*,,,,#.
###########+########......######.
......Q....Q..O§@................
...............†Y................
..........§§§§§c§............<...
..........#######................
..........#*****#..####..........
............,,,,...# #..........
............[,,....# #..........
...................# #..........
...................#**#.........#


You could see a catoblepas, a tengu warrior (petrified), a centaur warrior
(petrified) and a two-headed ogre (petrifying).

Vanquished Creatures
  An acid blob (Lair:6)
  A rockslime (Lair:6)
  A minotaur (Gauntlet)
  3 fire dragons
  4 boulder beetles
  6 hydras
  2 centaur warriors
  4 two-headed ogres
  14 death yaks
  A death knight (D:13)
  5 orc high priests (Orc:2)
  2 skeletal warriors (D:12)
  A fire crab (Lair:6)
  A swamp dragon (Lair:6)
  Pikel (D:5)
  2 lindwurms (Lair:6)
  5 orc knights (Orc:2)
  3 deep elf pyromancers
  3 ugly things (D:12)
  4 manticores
  2 cyclopes
  A worldbinder (Gauntlet)
  9 elephants
  A molten gargoyle (Lair:4)
  4 black mambas
  3 gargoyles
  13 cane toads
  6 torpor snails
  2 kobold demonologists (D:12)
  9 komodo dragons
  An unseen horror (D:12)
  6 rime drakes
  A queen bee (D:10)
  6 trolls
  3 polar bears
  3 tyrant leeches (Lair:6)
  Prince Ribbit (D:6)
  9 hornets
  14 slime creatures
  24 blink frogs
  3 flying skulls (Gauntlet)
  A centaur simulacrum (D:12)
  2 shadows
  A vampire (D:10)
  A wraith (D:12)
  Eustachio (D:6)
  A fire elemental (Lair:4)
  4 wyverns
  70 yaks
  5 basilisks
  A steam dragon (D:6)
  4 vampire mosquitoes
  An acid dragon (Lair:6)
  18 water moccasins
  2 ice beasts
  4 swamp drakes (Lair:6)
  25 orc warriors
  Duvessa (D:5)
  A black bear (D:8)
  3 boggarts (Gauntlet)
  3 small abominations (Gauntlet)
  17 wolves
  13 centaurs
  A kobold brigand (D:7)
  A lemure (D:5)
  2 phantoms
  13 bullfrogs
  A gnoll sergeant (D:6)
  Dowan (D:5)
  9 scorpions
  A wyvern skeleton (D:7)
  21 killer bees
  16 wights
  4 howler monkeys
  3 centaur zombies
  9 jellies
  4 hounds
  23 orc priests
  7 iguanas
  11 orc wizards
  Ijyb (D:4)
  A hound skeleton (D:4)
  A howler monkey zombie (D:9)
  8 gnolls
  7 adders
  A shadow imp (D:7)
  A white imp (D:3)
  4 ufetubi
  A worm (Lair:3)
  2 dart slugs
  32 orcs
  16 endoplasms
  4 giant cockroaches
  5 goblins
  5 hobgoblins
  4 jackals (D:1)
  3 quokkas
  11 ball pythons
  2 bats (D:1)
  5 frilled lizards
  7 kobolds
  4 rats
  A butterfly (D:6)
617 creatures vanquished.

Vanquished Creatures (collateral kills)
  A scorpion (D:5)
  2 killer bees (D:10)
3 creatures vanquished.

Vanquished Creatures (others)
  A hornet (Lair:4)
  5 demonic plants (Gauntlet)
  70 foxfires
  56 fungi
  96 plants
228 creatures vanquished.

Grand Total: 848 creatures vanquished

Notes
Turn   | Place    | Note
-------+----------+-------------------------------------------
     0 | D:1      | jt the Draconian Cinder Acolyte began the quest for the
                  | Orb.
     0 | D:1      | Reached XP level 1. HP: 19/19 MP: 2/2
   211 | D:1      | Reached XP level 2. HP: 26/26 MP: 3/3
   215 | D:1      | Learned a level 2 spell: Scorch
   463 | D:1      | Reached skill level 4 in Axes
   550 | D:1      | Found a faded altar of an unknown god.
   564 | D:1      | Reached XP level 3. HP: 23/31 MP: 4/4
  1471 | D:2      | Found a sacrificial altar of Ru.
  2609 | D:3      | Reached XP level 4. HP: 38/38 MP: 5/5
  2689 | D:3      | Reached skill level 5 in Axes
  3407 | D:4      | Noticed a phantom
  3648 | D:4      | Reached XP level 5. HP: 40/45 MP: 6/6
  3691 | D:4      | Reached skill level 6 in Axes
  4036 | D:4      | Reached XP level 6. HP: 51/51 MP: 3/7
  4088 | D:4      | Noticed Ijyb
  4094 | D:4      | Killed Ijyb
  4156 | D:4      | Reached skill level 7 in Axes
  4431 | D:4      | Found a shimmering blue altar of Sif Muna.
  4573 | D:5      | Entered Level 5 of the Dungeon
  4633 | D:5      | Noticed Pikel
  4649 | D:5      | Killed Pikel
  4650 | D:5      | Reached skill level 9 in Axes
  4650 | D:5      | Your scales start taking on a glossy black colour.
  4650 | D:5      | Reached XP level 7. HP: 29/57 MP: 6/8
  4650 | D:5      | Gained mutation: You are resistant to electric shocks.
                  | (rElec) [Black Draconian growth]
  4874 | D:5      | Noticed Duvessa
  4874 | D:5      | Noticed Dowan
  4931 | D:5      | Killed Duvessa
  4932 | D:5      | Reached skill level 10 in Axes
  4932 | D:5      | Reached XP level 8. HP: 32/63 MP: 9/9
  5537 | D:5      | Killed Dowan
  5840 | D:5      | Found a burning altar of Makhleb.
  5846 | D:5      | Found a glowing silver altar of Zin.
  5847 | D:5      | Noticed a blizzard demon
  5847 | D:5      | Noticed an angel
  6010 | D:6      | Found a staircase to the Ecumenical Temple.
  6016 | Temple   | Entered the Ecumenical Temple
  6189 | D:6      | Reached skill level 11 in Axes
  6283 | D:6      | Noticed Prince Ribbit
  6299 | D:6      | Killed Prince Ribbit
  6510 | D:6      | Found a bloodstained altar of Trog.
  6736 | D:6      | Noticed Eustachio
  6859 | D:6      | Reached skill level 12 in Axes
  6859 | D:6      | Reached XP level 9. HP: 33/70 MP: 10/10
  7129 | D:5      | Reached skill level 1 in Shields
  7617 | D:6      | Learned a level 2 spell: Poisonous Vapours
  7787 | D:6      | Killed Eustachio
  8262 | D:6      | Reached skill level 13 in Axes
  8679 | D:7      | Noticed a troll
  8786 | D:7      | Found a snail-covered altar of Cheibriados.
  8879 | D:7      | Found a white marble altar of Elyvilon.
  9015 | D:7      | Killed a troll
  9058 | D:7      | Found an ancient bone altar of Kikubaaqudgha.
  9853 | D:7      | Reached XP level 10. HP: 56/77 MP: 11/11
  9891 | D:7      | Reached skill level 14 in Axes
 10196 | D:8      | You fall into a shaft and drop 2 floors!
 10196 | D:10     | Entered Level 10 of the Dungeon
 10406 | D:8      | Found a sparkling altar of Nemelex Xobeh.
 10673 | D:8      | Found a staircase to the Lair.
 10724 | D:8      | Noticed a two-headed ogre
 10735 | D:8      | Killed a two-headed ogre
 10736 | D:8      | Reached skill level 15 in Axes
 11798 | Lair:1   | Entered Level 1 of the Lair of Beasts
 11817 | D:8      | Reached skill level 1 in Evocations
 12058 | D:8      | Learned a level 1 spell: Foxfire
 12062 | D:8      | Learned a level 3 spell: Mephitic Cloud
 12518 | Lair:1   | Noticed a cane toad
 12529 | Lair:1   | Killed a cane toad
 12548 | Lair:1   | Reached skill level 5 in Fighting
 12548 | Lair:1   | Reached XP level 11. HP: 36/86 MP: 12/12
 12576 | Lair:1   | HP: 1/86 [blink frog (15)]
 12983 | Lair:1   | Reached skill level 16 in Axes
 12991 | Lair:1   | Reached skill level 5 in Evocations
 12999 | Lair:1   | Reached skill level 1 in Dodging
 13308 | Lair:1   | Noticed a seven-headed hydra
 13341 | Lair:1   | Killed a seven-headed hydra
 13701 | Lair:1   | Reached skill level 5 in Dodging
 14499 | Lair:2   | Identified the ring "Atacet" {Drain rF+++ Int-5 Dex+6
                  | Stlth+}
 15166 | Lair:2   | Reached skill level 1 in Air Magic
 15172 | Lair:2   | HP: 4/86 [poisoned by a black mamba]
 15176 | Lair:2   | HP: 1/86 [poisoned by a black mamba]
 16443 | Lair:3   | Reached XP level 12. HP: 33/94 MP: 14/17
 16869 | Lair:3   | Noticed a seven-headed hydra
 16878 | Lair:3   | Killed a six-headed hydra
 16880 | Lair:3   | Noticed a boulder beetle
 17200 | Lair:3   | Reached skill level 5 in Air Magic
 17334 | Lair:3   | Killed a boulder beetle
 17509 | Lair:3   | Identified the ring "Sacrolip" {Fire Drain rN+ Will++
                  | Str+2}
 17534 | Lair:3   | Reached skill level 1 in Conjurations
 17534 | Lair:3   | Reached skill level 1 in Poison Magic
 18085 | Lair:3   | Found a hole to the Spider Nest.
 18708 | Lair:3   | Reached skill level 5 in Spellcasting
 18832 | Lair:3   | Noticed a five-headed hydra
 18841 | Lair:3   | Killed a one-headed hydra
 19844 | Lair:4   | Noticed a death yak
 19850 | Lair:4   | Noticed a death yak
 19850 | Lair:4   | Noticed a death yak
 19851 | Lair:4   | Noticed a death yak
 19852 | Lair:4   | Noticed a death yak
 19887 | Lair:4   | Killed a death yak
 19896 | Lair:3   | Killed a death yak
 20103 | D:9      | Found an iron altar of Okawaru.
 20152 | D:9      | Found a blossoming altar of Fedhas.
 20764 | D:9      | Found a basalt altar of Yredelemnul.
 21540 | D:9      | Found a shadowy altar of Dithmenos.
 22165 | D:10     | Reached XP level 13. HP: 88/104 MP: 1/20
 22549 | D:10     | Found an ornate altar of the Wu Jian Council.
 23258 | D:10     | Identified the +0 cloak "Ohihexed" {rC+ Dex+3}
 23367 | D:10     | Found Voneofuh's Jewellery Shoppe.
 24979 | D:11     | Learned a level 4 spell: Sticky Flame
 25815 | D:12     | Reached skill level 5 in Conjurations
 25960 | D:12     | Found a staircase to the Orcish Mines.
 25978 | Orc:1    | Entered Level 1 of the Orcish Mines
 26182 | Orc:2    | Entered Level 2 of the Orcish Mines
 26184 | Orc:2    | Found a staircase to the Elven Halls.
 26187 | Orc:2    | Found Fismoucw's General Store.
 26221 | Orc:2    | Reached skill level 10 in Dodging
 26788 | Orc:2    | Found Zeumpuid's Antique Armour Boutique.
 26803 | Orc:2    | Bought a pair of gloves for 153 gold pieces
 28257 | Orc:2    | Reached skill level 5 in Fire Magic
 28803 | Orc:2    | Gained mutation: You are frail. (-10% HP) [a neqoxec]
 29534 | Orc:2    | Found Laproymi's Assorted Antiques.
 29534 | Orc:2    | Found Lulow's Antique Weapon Shoppe.
 29535 | Orc:2    | Found Joliz's Jewellery Emporium.
 29535 | Orc:2    | Found Fiul's Magic Scroll Shoppe.
 29688 | Orc:2    | Bought a glowing hat for 189 gold pieces
 29693 | Orc:2    | Bought a green potion for 24 gold pieces
 29693 | Orc:2    | Bought a potion of curing for 81 gold pieces
 29704 | Orc:2    | Bought a scroll of acquirement for 572 gold pieces
 29705 | Orc:2    | Acquired 828 gold pieces
 29708 | Orc:2    | Bought a masterwork spear for 248 gold pieces
 29708 | Orc:2    | Identified the +7 spear "Vommer Moce" {pain, Will++} (You
                  | bought it in a shop on level 2 of the Orcish Mines)
 29718 | Orc:2    | Bought the amulet of Hucavaan {Reflect rF- Regen+ Int+4
                  | SH+5} for 499 gold pieces
 30130 | Lair:4   | Gained mutation: Your large and strong wings let you fly.
                  | [Black Draconian growth]
 30130 | Lair:4   | Reached XP level 14. HP: 106/106 MP: 21/23
 30798 | Lair:4   | Found a staircase to the Shoals.
 31164 | Lair:5   | Reached skill level 10 in Fighting
 31837 | Lair:5   | Reached skill level 5 in Shields
 31885 | Lair:5   | Found a viscous altar of Jiyva.
 31885 | Lair:5   | Found a staircase to the Slime Pits.
 32003 | Lair:6   | Entered Level 6 of the Lair of Beasts
 32169 | Lair:6   | Found a gate leading to a gauntlet.
 32214 | Gauntlet | Entered a Gauntlet
 32214 | Gauntlet | Found a transporter.
 32221 | Gauntlet | Found a transporter.
 32224 | Gauntlet | Found a transporter.
 32225 | Gauntlet | Found a transporter.
 32233 | Gauntlet | Found a transporter.
 32236 | Gauntlet | Found a transporter.
 32237 | Gauntlet | Found a transporter.
 32246 | Gauntlet | Found a transporter.
 32248 | Gauntlet | Found a transporter.
 32249 | Gauntlet | Found a transporter.
 32260 | Gauntlet | Found a transporter.
 32260 | Gauntlet | Found a transporter.
 32261 | Gauntlet | Found a transporter.
 32279 | Gauntlet | Found a transporter.
 32620 | Gauntlet | Lost mutation: You are frail. (-10% HP) [potion of
                  | mutation]
 32620 | Gauntlet | Gained mutation: You are occasionally teleported next to
                  | monsters. [potion of mutation]
 32620 | Gauntlet | Gained mutation: You are agile. (Dex +2) [potion of
                  | mutation]
 32710 | Gauntlet | Identified the +1 robe of Feijysch {Dex+2}
 32711 | Gauntlet | Got the Collected Works on Ashen Flames
 32772 | Lair:6   | Noticed a rockslime
 32784 | Lair:6   | Killed a rockslime
 32795 | Lair:6   | Noticed an acid blob
 32797 | Lair:6   | Found a viscous altar of Jiyva.
 32810 | Lair:6   | Killed an acid blob
 33024 | Lair:6   | Reached skill level 17 in Axes
 33771 | Lair:6   | Reached XP level 15. HP: 85/126 MP: 26/26
 33952 | Lair:6   | Found a runed translucent door.
 34836 | D:12     | Reached skill level 18 in Axes
 35637 | D:12     | Noticed a tengu reaver
 35646 | D:12     | Noticed a frost giant
 36007 | D:13     | Demolished by a catoblepas

Illustrated notes

Levels and vault maps discovered:
D:1:      lightli_molten_gateway, layout_rooms, basic_ecumenical_altar,
          grunt_decor_junction, kennysheep_crisscross, minmay_bisected
D:2:      layout_basic, basic_altar
D:3:      layout_basic, kennysheep_small_spiral, kennysheep_generic_room_3
D:4:      layout_basic, led_sif_pool, kennysheep_decorative_pillar,
          minmay_mini_jars, uniq_ijyb
D:5:      layout_basic, grunt_temple_overflow_order_and_chaos_2,
          chequers_serial_rivers_micro_a, uniq_duvessa, uniq_pikel
D:6:      layout_cave_pods, mainiacjoe_overflow_alcove_1,
          minmay_temple_entry_butterflies, chequers_serial_rivers_micro_d,
          uniq_prince_ribbit1, uniq_eustachio
D:7:      layout_cave_pools, mainiacjoe_overflow_tiny_flanked,
          lemuel_coloured_pillars_altar, nicolae_elyvilon_peaceful_grove,
          minmay_diced_spiral
D:8:      layout_basic, nemelex_spade_bored_becter, due_lair_maze_entry_diamond
D:9:      layout_stronghold, mainiacjoe_overflow_concentric_impassable,
          mainiacjoe_overflow_alcove_4, mainiacjoe_overflow_cross_hatched,
          lemuel_doored_altar
D:10:     layout_grid_maze, mainiacjoe_overflow_surrounded_room, serial_shops,
          kennysheep_mini, special_room [special_room_bee]
D:11:     layout_stronghold
D:12:     minmay_nested_s, layout_irregular_city
D:13:     layout_stronghold, serial_column_ruins, column_ruins_open_small_water,
          column_ruins_columns_corner, column_ruins_grid_4,
          column_ruins_open_medium, column_ruins_columns_water, minivault_23,
          minmay_strange_pillars, minmay_circle_x
Temple:   compressed_dpeg_triangle_lava_temple
Lair:1:   layout_gridlike
Lair:2:   layout_cave_pods, st_stairs_10
Lair:3:   beast_lair_carwin_large_1, layout_chaotic_city,
          nicolae_spider_entry_non_spiders, infiniplex_staircase_pool_2
Lair:4:   dragon1_lemuel, layout_loops_ring, elwin_shoals_entry_rocks
Lair:5:   layout_loops_ring, dpeg_slime_entry_enclosed_altar, st_stairs_10,
          lemuel_fruit_tree
Lair:6:   guppyfry_lair_end_dragon, layout_gridlike, wormcave,
          gauntlet_entry_generic, special_room [special_room_jelly]
Orc:1:    gammafunk_beogh_shrine, layout_caves
Orc:2:    st_orc_pillars, layout_caves, serial_shops, nicolae_shop_statue_plus,
          nicolae_shop_trees

Skill      XL: |  1  2  3  4  5  6  7  8  9 10 11 12 13 14 15 |
---------------+----------------------------------------------+-----
Axes           | 4 5 6 9 10 12 13 15 16 17 18 | 18.0
Shields        | 4 5 |  5.7
Evocations     | 3 5 9 |  9.9
Fighting       | 5 6 9 10 | 10.0
Dodging        | 6 9 10 | 10.2
Air Magic      | 4 5 |  5.0
Spellcasting   | 3 5 6 7 |  7.8
Conjurations   | 4 5 6 |  6.2
Poison Magic   | 2 |  2.0
Fire Magic     | 6 7 |  7.0

Action                   |  1- 3 |  4- 6 |  7- 9 | 10-12 | 13-15 || total
-------------------------+-------+-------+-------+-------+-------++-------
Melee: Hand axe          |    79 |    10 |     8 |     8 |    26 ||   131
       Tailslap          |     3 |     3 |    14 |    84 |   217 ||   321
       War axe           |       |    59 |   195 |   708 |   769 ||  1731
       Broad axe         |       |       |       |       |   467 ||   467
 Fire: Hunting sling     |       |       |       |     1 |     2 ||     3
Throw: Dart              |       |       |    11 |    14 |     3 ||    28
       Javelin           |       |       |       |       |     1 ||     1
 Cast: Scorch            |    15 |    20 |    39 |    43 |    89 ||   206
       Foxfire           |       |       |       |     6 |     1 ||     7
       Mephitic Cloud    |       |       |       |     5 |    19 ||    24
       Poisonous Vapours |       |       |       |     3 |   107 ||   110
       Sticky Flame      |       |       |       |       |    22 ||    22
Invok: Foxfire Swarm     |       |     1 |       |     2 |       ||     3
 Abil: Breathe Lightning |       |       |       |       |     3 ||     3
Evoke: Wand              |       |       |       |    11 |    10 ||    21
       Condenser vane    |       |       |       |       |     3 ||     3
  Use: Scroll            |       |     8 |     9 |     5 |    10 ||    32
       Potion            |       |       |     1 |     6 |     4 ||    11
 Stab: Sleeping          |       |     1 |     1 |       |       ||     2
       Invisible         |       |       |       |     3 |       ||     3
       Confused          |       |       |       |     2 |     7 ||     9
       Distracted        |       |       |       |       |     2 ||     2
Armor: Skin              |    23 |    37 |    50 |   151 |   212 ||   473
Dodge: Dodged            |    38 |    43 |   103 |   291 |   523 ||   998
Block: Buckler           |       |       |    13 |   248 |   479 ||   740
       Reflection        |       |       |       |     2 |    24 ||    26

Table legend: (Time is in decaauts)
 A = Elapsed time spent in this place.
 B = Non-inter-level travel time spent in this place.
 C = Inter-level travel time spent in this place.
 D = Time resting spent in this place.
 E = Time spent auto-exploring this place.
 F = Levels seen in this place.
 G = Mean time per level.
                   A        B        C        D        E       F      G
               +--------+--------+--------+--------+--------+-----+--------+
         Total |  35485 |  33615 |   1870 |  14123 |  11757 |  23 | 1542.8 |
       Dungeon |  19687 |  18537 |   1150 |   7376 |   7010 |  13 | 1514.4 |
        Temple |    157 |    140 |     17 |      0 |     94 |   1 |  157.0 |
          Lair |  11396 |  10863 |    533 |   4570 |   3913 |   6 | 1899.3 |
  Orcish Mines |   3762 |   3593 |    169 |   2102 |    615 |   2 | 1881.0 |
      Gauntlet |    482 |    482 |      0 |     75 |    125 |   1 |  482.0 |
               +--------+--------+--------+--------+--------+-----+--------+

Top non-repeatable levels by time:
   Orc:2: 2643 daAuts
  Lair:2: 2460 daAuts
     D:8: 2374 daAuts
  Lair:3: 2326 daAuts
    D:10: 2231 daAuts
  Lair:1: 2191 daAuts
     D:5: 2024 daAuts
  Lair:6: 1838 daAuts
     D:7: 1698 daAuts
     D:6: 1640 daAuts
    D:11: 1628 daAuts
  Lair:4: 1599 daAuts
    D:12: 1596 daAuts
     D:4: 1540 daAuts
     D:9: 1419 daAuts
